 Dungeon Crawl Stone Soup version 0.17-a0-1528-gfee3901 (webtiles) character file.

333 GagarinX the Cudgeler (level 6, 0/58 HPs)
             Began as a Minotaur Berserker on July 15, 2015.
             Was a Priest of Trog.
             Slain by a gnoll
             ... wielding a +0 spear
              (3 damage)
             ... on level 4 of the Dungeon.
             The game lasted 00:13:14 (2825 turns).

GagarinX the Cudgeler (Minotaur Berserker)          Turns: 2825, Time: 00:13:14

Health: 0/58       AC:  3    Str: 24    XL:     6   Next: 27%
Magic:  14/14      EV:  6    Int:  4    God:    Trog [***...]
Gold:   251        SH:  0    Dex:  9    Spells: 0 memorised, 5 levels left

rFire  . . .     SeeInvis .     a - +0 mace (crush)
rCold  . . .     Clarity  .     b - +0 leather armour
rNeg   . . .     SustAt   .     (no shield)
rPois  +         Gourm    .     (helmet restricted)
rElec  .         Spirit   .     (no cloak)
rCorr  .         Warding  .     (no gloves)
rMut   .         Stasis   .     (no boots)
MR     ++...                    (no amulet)
Stlth  +.........               k - ring of magical power
                                g - ring of poison resistance

@: exhausted, held, regenerating, slowed, very slow, very resistant to hostile
enchantments, very unstealthy
A: retaliatory headbutt, horns 2
a: Burn Spellbooks, Berserk, Trog's Hand, Renounce Religion


You were on level 4 of the Dungeon.
You worshipped Trog.
Trog was most pleased with you.
You were very hungry.

You visited 1 branch of the dungeon, and saw 4 of its levels.

You collected 251 gold pieces.

Inventory:

Hand weapons
 a - a +0 mace of crushing (weapon)
Armour
 b - a +0 leather armour (worn)
 w - a +0 scale mail
Jewellery
 g - a ring of poison resistance (left hand)
 k - a ring of magical power (right hand)
Magical devices
 f - a wand of magic darts (35)
Scrolls
 d - a scroll of magic mapping {unknown}
 l - 5 scrolls of identify {unknown}
 o - a scroll of immolation {unknown}
 s - 2 scrolls of fear {unknown}
 u - a scroll of random uselessness {unknown}
Potions
 e - a potion of resistance {unknown}
 h - 2 potions of brilliance {unknown}
 i - 2 potions of might {unknown}
 j - 2 potions of curing
 n - a potion of haste {unknown}
 r - a potion of berserk rage {unknown}
 t - 2 potions of invisibility {unknown}
 x - a potion of cure mutation {unknown}
Comestibles
 c - 4 bread rations
 m - a beef jerky
 p - a royal jelly
 q - a meat ration
 v - a chunk of flesh


   Skills:
 + Level 6.5 Fighting
 + Level 6.6 Maces & Flails
 - Level 2.4 Armour
 - Level 2.1 Dodging


You had 5 spell levels left.
You didn't know any spells.

Dungeon Overview and Level Annotations

Branches:
Dungeon (4/15)
 Temple: D:4-7

Altars:
Dithmenos
Fedhas
Nemelex Xobeh
Qazlal
Vehumet
Xom

Annotations:
D:3 exclusion: oklob plant


Innate Abilities, Weirdness & Mutations

You reflexively headbutt those who attack you in melee.
You have a pair of horns on your head.


Message History

You feel a strong urge to attack something.
You feel your anger subside.
You are no longer berserk.
You are exhausted.
You feel yourself slow down.
You are feeling very hungry.
You feel the effects of Trog's Hand fading.
The gnoll throws a throwing net.
The throwing net hits you.
You become entangled in the net!
You see here a throwing net.
You tear a large gash into the net.
The gnoll hits you but does no damage. The gnoll barely misses you.
You struggle against the net.
The gnoll hits you from afar with a spear of pain.
* * * LOW HITPOINT WARNING * * *
The gnoll hits you from afar with a spear.
* * * LOW HITPOINT WARNING * * *
You try to slip out of the net.
The gnoll hits you but does no damage.
The gnoll hits you from afar with a spear.
You die...

#.# #......#....#
#(# ########.#..#
## ### ##'## #....#
.. ...# ##...##
#..#.# .##.#.#
##.....## ##..#.#
.#...[# ##.......##
##...#.# ......#
#.........#
#......#####......#
+........(#
##..g..)..)).......
#.........#
#@.g#######...?..#
##.......## #.#.##
..##..# ##.....##
###..# .... #
##...####+ ##.#
#.###
##......#######.#
.# #..#...##...##.#
.# #..#.⌠.)..⌠.<#.#
.#
####..#...##...##.#
..........#######.#


You could see 2 gnolls.

Vanquished Creatures
  4 crimson imps (D:3)
  A gnoll shaman (D:4)
  An iguana (D:4)
  3 gnolls (D:4)
  3 adders (D:3)
  An ooze (D:2)
  2 worms (D:2)
  3 giant geckos
  6 orcs (D:3)
  6 bats
  5 giant cockroaches
  10 hobgoblins
  6 jackals (D:1)
  10 kobolds
  A ball python (D:1)
  A giant newt (D:1)
  8 goblins
  A quokka (D:3)
  4 rats
76 creatures vanquished.

Vanquished Creatures (others)
  2 fungi (D:3)
  3 plants (D:3)
5 creatures vanquished.

Grand Total: 81 creatures vanquished

Notes
Turn   | Place    | Note
--------------------------------------------------------------
     0 | D:1      | GagarinX the Minotaur Berserker began the quest for the Orb.
     0 | D:1      | Reached XP level 1. HP: 19/19 MP: 0/0
    93 | D:1      | Reached skill level 4 in Fighting
    98 | D:1      | Reached XP level 2. HP: 24/27 MP: 1/1
   353 | D:1      | Acquired Trog's second power
   613 | D:1      | Reached XP level 3. HP: 33/33 MP: 2/2
   984 | D:2      | Found a sparkling altar of Nemelex Xobeh.
  1545 | D:3      | Found a shadowy altar of Dithmenos.
  1592 | D:3      | Found a stormy altar of Qazlal.
  1611 | D:3      | Found a radiant altar of Vehumet.
  1630 | D:3      | Reached skill level 5 in Maces & Flails
  1636 | D:3      | Reached XP level 4. HP: 7/41 MP: 3/3
  1972 | D:3      | Reached skill level 5 in Fighting
  2010 | D:3      | Found a shimmering altar of Xom.
  2013 | D:3      | Reached XP level 5. HP: 16/49 MP: 4/4
  2206 | D:3      | Received a gift from Trog
  2367 | D:3      | Found a blossoming altar of Fedhas.
  2395 | D:3      | Noticed an oklob plant
  2438 | D:3      | Reached skill level 6 in Fighting
  2615 | D:4      | Reached XP level 6. HP: 42/57 MP: 5/5
  2815 | D:4      | HP: 4/87 [gnoll/spear of pain (1)]
  2824 | D:4      | HP: 2/58 [gnoll/spear (6)]
  2825 | D:4      | Slain by a gnoll

Vault maps used:
D:1:      minmay_arrival_nine_rooms
D:2:      nemelex_deck
D:3:      vehumet_altar_wand_db, tgw_fedhas, old_standard_altar, led_xom_imps,
          nicolae_dithmenos_through_a_glass_darkly
D:4:      minmay_temple_entry_hall, grunt_ministairs_4,
          kennysheep_generic_room_8

Action                   |  1- 3 |  4- 6 || total
-------------------------+-------+-------++-------
Melee: Mace              |    85 |    73 ||   158
Invok: Berserk           |       |     2 ||     2
       Trog's Hand       |       |     1 ||     1
  Use: Potion            |       |     1 ||     1
 Stab: Sleeping          |     1 |       ||     1
  Eat: Chunk             |     2 |     5 ||     7
